Map: Dusk Towers

Players

NXZ - Winner!

  • Race: Zerg Zerg

Albion

  • Race: Protoss Protoss
  • League: Master

Event: NationWars III

VOD

Have the link to the VOD?

Description

Time

  • Played on: Nov. 21, 2015, 2:01 p.m.
  • Length: 11:16
Show
View Real Time Build Order
Export as new Build Order

NXZ Zerg - Winner!

Build Orders: Hatch First 

Get SALT Encoding   

  12  0:01  Drone  
  13  0:13  Overlord  
  13  0:17  Drone  
  14  0:31  Drone x2  
  14  0:35  Drone  
  17  0:52  Hatchery  
  17  0:54  Drone  
  17  0:57  Drone  
  17  1:00  Extractor  
  17  1:13  Spawning Pool  
  17  1:15  Drone  
  17  1:19  Drone  
  18  1:28  Drone  
  19  1:39  Overlord  
  19  1:52  Drone  
  20  2:01  Metabolic Boost, Queen  
  20  2:02  Zergling x2  
  20  2:03  Queen  
  20  2:07  Drone  
  26  2:13  Drone  
  27  2:15  Drone  
  29  2:22  Drone  
  29  2:25  Drone  
  30  2:35  Hatchery  
  29  2:37  Overlord  
  29  2:40  Drone  
  30  2:44  Drone  
  30  2:47  Drone  
  32  2:55  Drone  
  32  2:57  Drone  
  34  3:08  Drone x2  
  34  3:10  Drone x3  
  34  3:12  Drone x3  
  42  3:17  Drone  
  42  3:18  Roach Warren  
  42  3:21  Drone  
  43  3:28  Overlord  
  43  3:34  Lair, Extractor  
  43  3:35  Queen, Extractor  
  43  3:38  Drone  
  44  3:46  Drone x5  
  49  3:50  Drone x2  
  49  3:51  Drone  
  49  3:53  Drone  
  53  3:56  Overlord  
  53  4:06  Drone x2  
  53  4:07  Evolution Chamber  
  53  4:08  Drone x2  
  56  4:14  Queen  
  58  4:17  Drone x3  
  58  4:19  Drone  
  58  4:20  Drone  
  58  4:22  Drone  
  63  4:30  Drone x3  
  63  4:31  Overlord  
  66  4:32  Overlord  
  66  4:36  Zerg Missile Weapons Level 1  
  66  4:41  Overlord x2  
  66  4:44  Extractor  
  65  4:47  Overlord  
  65  4:48  Overlord  
  65  4:49  Glial Reconstitution  
  65  4:53  Roach x3  
  65  4:55  Roach  
  65  4:57  Roach  
  77  5:00  Roach x2  
  77  5:02  Roach  
  77  5:03  Roach  
  77  5:06  Overlord  
  83  5:08  Roach  
  83  5:10  Roach  
  83  5:11  Roach  
  89  5:17  Overlord  
  89  5:21  Roach  
  89  5:22  Roach x3  
  89  5:25  Roach x3  
  89  5:27  Ravager x2  
  105  5:29  Zergling x2  
  105  5:31  Overlord  
  105  5:32  Overlord  
  105  5:35  Overlord  
  106  5:37  Overseer  
  106  5:42  Roach x3  
  112  5:43  Roach  
  112  5:46  Overlord  
  114  5:54  Drone  
  115  5:57  Hatchery  
  108  6:08  Spore Crawler  
  107  6:12  Roach x4  
  107  6:13  Roach x4  
  112  6:31  Roach x11  
  134  6:33  Overlord  
  134  6:35  Overseer  
  134  6:38  Drone x3  
  137  6:41  Zerg Missile Weapons Level 2  
  137  6:49  Overlord  
  137  6:50  Overlord x2  
  127  7:10  Roach  
  127  7:11  Roach x11  
  149  7:18  Roach  
  145  7:22  Hatchery  
  145  7:26  Roach x4  
  136  7:44  Roach x8  
  144  7:52  Roach  
  144  7:53  Roach x5  
  152  8:00  Roach x3  
  152  8:03  Roach  
  152  8:04  Roach  
  145  8:15  Drone x7  
  145  8:18  Extractor  
  151  8:22  Extractor  
  150  8:28  Infestation Pit  
  150  8:29  Drone x3  
  150  8:30  Drone x2, Extractor  
  153  8:34  Drone  
  153  8:35  Drone x3, Extractor  
  153  8:40  Roach x5  
  153  8:41  Roach  
  168  8:42  Ravager x2  
  170  8:52  Overlord x2  
  152  8:57  Roach x7  
  152  9:01  Roach x2  
  158  9:13  Roach x7  
  166  9:20  Roach x4  
  166  9:22  Ravager x4  
  178  9:27  Roach x3  
  184  9:32  Drone x3  
  184  9:35  Roach x2  
  184  9:36  Roach  
  159  9:39  Roach  
  159  9:40  Roach  
  159  9:44  Roach x3  
  165  9:51  Roach x2  
  165  9:52  Roach x2  
  167  9:57  Roach x4  
  175  10:00  Roach  
  177  10:08  Zergling x12  
  177  10:09  Zergling x4  
  177  10:10  Evolution Chamber  
  184  10:16  Ravager x3  
  187  10:27  Zergling x2  
  187  10:28  Zergling x14  
  176  10:42  Overseer  
  162  10:52  Zergling x8  
  162  10:53  Zergling x24  
Show
View Real Time Build Order
Export as new Build Order

Albion Protoss 

Build Orders:  

Get SALT Encoding   

  12  0:01  Probe (Chrono Boost)  
  13  0:11  Probe (Chrono Boost)  
  14  0:17  Pylon  
  14  0:22  Probe (Chrono Boost)  
  16  0:35  Probe (Chrono Boost)  
  16  0:46  Probe (Chrono Boost)  
  17  0:56  Probe (Chrono Boost)  
  18  1:07  Probe (Chrono Boost)  
  18  1:11  Nexus  
  19  1:17  Probe (Chrono Boost)  
  20  1:19  Gateway  
  20  1:26  Assimilator  
  20  1:28  Probe (Chrono Boost)  
  21  1:34  Assimilator  
  21  1:39  Probe (Chrono Boost)  
  22  1:44  Pylon  
  22  1:49  Probe (Chrono Boost)  
  23  2:02  Probe (Chrono Boost)  
  23  2:05  Cybernetics Core  
  24  2:08  Zealot  
  24  2:13  Probe (Chrono Boost)  
  27  2:23  Probe (Chrono Boost)  
  27  2:24  Probe (Chrono Boost)  
  29  2:33  Probe (Chrono Boost)  
  29  2:34  Probe (Chrono Boost)  
  31  2:42  Stalker  
  31  2:43  Warp Gate  
  33  2:45  Mothership Core (Chrono Boost), Probe (Chrono Boost)  
  36  2:51  Robotics Facility  
  36  2:55  Probe (Chrono Boost)  
  37  3:03  Probe (Chrono Boost)  
  38  3:08  Probe (Chrono Boost)  
  39  3:14  Probe (Chrono Boost), Pylon, Assimilator  
  39  3:19  Probe (Chrono Boost)  
  41  3:24  Probe (Chrono Boost)  
  42  3:30  Probe (Chrono Boost)  
  43  3:35  Probe (Chrono Boost)  
  43  3:40  Probe (Chrono Boost), Robotics Bay, Warp Prism  
  47  3:46  Probe (Chrono Boost)  
  47  3:47  Pylon  
  48  3:51  Probe (Chrono Boost)  
  49  3:55  Assimilator  
  49  3:56  Probe (Chrono Boost)  
  49  4:00  Gateway  
  49  4:02  Gateway  
  50  4:04  Probe (Chrono Boost)  
  50  4:09  Probe (Chrono Boost)  
  52  4:15  Probe (Chrono Boost)  
  53  4:20  Gravitic Drive  
  53  4:23  Probe (Chrono Boost)  
  54  4:27  Disruptor (Chrono Boost)  
  57  4:34  Twilight Council  
  57  4:36  Forge  
  57  4:39  Pylon  
  57  4:55  Probe x2  
  57  4:57  Stalker  
  57  4:58  Stalker, Protoss Ground Weapons Level 1  
  63  5:00  Disruptor (Chrono Boost)  
  63  5:05  Nexus  
  63  5:06  Pylon  
  66  5:15  Blink (Chrono Boost)  
  66  5:23  Gateway  
  66  5:24  Gateway  
  66  5:34  Probe x2  
  68  5:42  Gateway  
  68  5:43  Gateway  
  68  5:46  Stalker x2  
  72  5:50  Stalker  
  72  5:53  Probe x2  
  76  6:05  Probe x2  
  78  6:17  Probe x2  
  80  6:26  Probe  
  80  6:29  Probe  
  80  6:32  Stalker x3, Assimilator  
  88  6:36  Observer  
  89  6:42  Stalker x2  
  89  6:45  Gateway  
  89  6:46  Gateway  
  89  6:47  Pylon  
  93  6:54  Pylon x2  
  85  7:12  Stalker x5  
  89  7:26  Disruptor  
  81  7:31  Stalker x2  
  70  7:53  Stalker x4  
  66  7:58  Stalker x4  
  66  7:59  Stalker x2  
  66  8:00  Stalker x3  
  66  8:01  Disruptor  
  83  8:07  Pylon  
  83  8:08  Pylon  
  83  8:09  Pylon x2  
  79  8:18  Protoss Ground Weapons Level 2  
  78  8:26  Stalker  
  78  8:27  Stalker x4  
  82  8:28  Stalker  
  82  8:31  Stalker  
  92  8:37  Disruptor  
  85  9:18  Stalker x2  
  85  9:19  Stalker x7  
  100  9:43  Stalker  
  90  10:01  Stalker x6  
  90  10:02  Disruptor  
  105  10:07  Nexus  
  105  10:18  Pylon  
  102  10:42  Stalker x3  
  107  10:43  Stalker  
  107  10:45  Stalker  
  111  10:56  Stalker x2  
Tags
 
Add a new tag
Caveats
  • Supply blocks, unpowered buildings, or Contaminate may cause inaccurate times.
  • Supply counts are checked every 10 seconds.